 Dungeon Crawl Stone Soup version 0.30.0-29-ga12c61a403 (webtiles) character file.

Game seed: 1724241150602338354

272 BONEBRO the Cleaver (level 6, 0/51 HPs)
             Began as a Hill Orc Fighter on June 14, 2023.
             Slain by an orc wizard
             ... wielding a +0 dagger
              (2 damage)
             ... on level 4 of the Dungeon.
             The game lasted 00:05:13 (2557 turns).

BONEBRO the Cleaver (Hill Orc Fighter)              Turns: 2557, Time: 00:05:13

Health: 0/51       AC:  6    Str: 21    XL:     6   Next: 23%
Magic:  6/6        EV:  9    Int:  8    God:
Gold:   135        SH:  4    Dex: 10    Spells: 5/5 levels left

rFire   . . .        a - +0 war axe
rCold   . . .        c - +0 buckler
rNeg    . . .        b - +0 scale mail
rPois   .            (no helmet)
rElec   .            (no cloak)
rCorr   .            (no gloves)
SInv    .            (no boots)
Will    .....        (no amulet) Stlth
                     j - ring of flight
HPRegen 0.28/turn    (no ring)
MPRegen 0.10/turn

%: no passive effects
@: flying
A: no striking features
a: no special abilities


You were on level 4 of the Dungeon.
You visited 1 branch of the dungeon, and saw 4 of its levels.

You collected 135 gold pieces.

Inventory:

Hand Weapons
 a - a +0 war axe (weapon)
Missiles
 k - 2 throwing nets (quivered)
 w - 2 poisoned darts
Armour
 b - a +0 scale mail (worn)
 c - a +0 buckler (worn)
Jewellery
 j - a ring of flight (left hand)
 v - a ring of magical power
Wands
 s - a wand of acid (7)
Scrolls
 f - 2 scrolls of fog {unknown}
 g - a scroll of acquirement {unknown}
 h - 4 scrolls of identify {unknown}
 i - a scroll of noise {unknown}
 l - 2 scrolls of magic mapping {unknown}
 n - 4 scrolls of teleportation {unknown}
 q - a scroll of fear {unknown}
 r - a scroll of poison {unknown}
Potions
 d - a potion of might
 e - a potion of curing {unknown}
 m - a potion of heal wounds {unknown}
 o - a potion of cancellation {unknown}
 p - a potion of invisibility {unknown}
 t - a potion of degeneration {unknown}
 u - a potion of flight {unknown}


   Skills:
 - Level 3.6 Fighting
 + Level 8.4 Axes
 - Level 3.2 Armour
 - Level 3.2 Shields


You had 5 spell levels left.
You didn't know any spells.
Your spell library contained the following spells:

 Spells                   Type           Power      Damage    Failure   Level
 Magic Dart               Conj           0%         1d3       82%         1
 Call Imp                 Summ           0%         N/A       91%         2
 Gell's Gravitas          Tloc           0%         N/A       99%         3
 Mephitic Cloud           Conj/Pois/Air  0%         N/A       99%         3
 Teleport Other           Tloc           0%         N/A       99%         3
 Dispersal                Tloc           0%         N/A       100%        6


Dungeon Overview and Level Annotations

Branches:
Dungeon (4/15)
 Temple: D:4-7

Altars:
Dithmenos
Sif Muna

Shops:
D:1 (


Message History

You closely miss something. You slash the goblin!
You kill the goblin!
You hear some strange, mumbled words.
A puff of flame appears from out of thin air!
The puff of flame hits you!
The iguana bites you but does no damage.
You are too injured to fight recklessly!
You are too injured to fight recklessly!
You hit the iguana but do no damage.
The iguana is severely wounded.
You hit something but do no damage.
An orc comes into view. It is wielding a +0 flail.
The iguana bites you!
* * * LOW HITPOINT WARNING * * *
Something hits you but does no damage.
You barely miss the iguana.
The iguana is severely wounded.
You closely miss something. Something hits you.
* * * LOW HITPOINT WARNING * * *
The iguana bites you.
* * * LOW HITPOINT WARNING * * *
You barely miss the iguana.
The iguana is severely wounded.
You hit something. The iguana barely misses you.
Something hits you but does no damage.
You hit the iguana but do no damage.
The iguana is severely wounded.
You miss something.
An iguana comes into view.
You block the iguana's attack. Something hits you.
* * * LOW HITPOINT WARNING * * *
Something hits you.
* * * LOW HITPOINT WARNING * * *
The iguana bites you.
* * * LOW HITPOINT WARNING * * *
The iguana hisses angrily.
You hit the iguana.
The iguana is almost dead.
You closely miss something. Something hits you.
You die...

...)###....###.......##
#...... ..
#.#..........###
#...... #.########...#
#...... #.# #...#
##..... ###.##### #...#
#.... #.......# #...#
....
####.#.###.####...###
#........#...{........
..###.##.....)@)......
#.##.#$....l....".
#.......####l..###
#.......# .o.#
#.##.##.# ..# #. ..##)#
...# # .###.# ..# . #.#
..# ?.#


You could see 2 iguanas and an orc.

Vanquished Creatures
  A phantom (D:4)
  A jelly (D:4)
  10 adders
  2 worms
  A dart slug (D:1)
  4 orcs (D:4)
  6 endoplasms
  3 giant cockroaches
  7 goblins
  8 hobgoblins
  2 jackals (D:4)
  6 kobolds
  6 quokkas
  5 ball pythons
  2 bats
  2 frilled lizards
  4 rats (D:2)
70 creatures vanquished.

Notes
Turn   | Place    | Note
-------+----------+-------------------------------------------
     0 | D:1      | BONEBRO the Hill Orc Fighter began the quest for the Orb.
     0 | D:1      | Reached XP level 1. HP: 19/19 MP: 1/1
   134 | D:1      | Found Qoegux's Weapon Shoppe.
   156 | D:1      | Reached skill level 3 in Axes
   174 | D:1      | Reached XP level 2. HP: 22/26 MP: 2/2
   205 | D:1      | Found a faded altar of an unknown god.
   236 | D:1      | Reached skill level 4 in Axes
   427 | D:1      | Reached XP level 3. HP: 31/31 MP: 3/3
   618 | D:2      | Reached skill level 5 in Axes
   843 | D:2      | Reached XP level 4. HP: 15/39 MP: 4/4
  1064 | D:2      | Reached skill level 6 in Axes
  1996 | D:3      | Reached XP level 5. HP: 43/45 MP: 5/5
  2263 | D:4      | Reached skill level 7 in Axes
  2457 | D:4      | Found a shadowy altar of Dithmenos.
  2461 | D:4      | Found a shimmering blue altar of Sif Muna.
  2541 | D:4      | Noticed a phantom
  2550 | D:4      | Killed a phantom
  2551 | D:4      | Reached skill level 8 in Axes
  2551 | D:4      | Reached XP level 6. HP: 37/51 MP: 6/6
  2556 | D:4      | HP: 2/51 [iguana (1)]
  2557 | D:4      | Slain by an orc wizard

Illustrated notes

Levels and vault maps discovered:
D:1:      heliophobic_arrival_glass_houses, layout_basic,
          basic_ecumenical_altar, serial_shops,
          nicolae_shop_bloodbath_and_beyond, minmay_close_crescents
D:2:      layout_basic, nicolae_half_adder
D:3:      layout_loops_ring
D:4:      layout_loops_cross, nicolae_overflow_two_pavilions

Skill      XL: |  1  2  3  4  5 |
---------------+----------------+-----
Axes           | 3 4 5 6 8 |  8.4
Fighting       | |  3.6
Armour         | |  3.2
Shields        | |  3.2

Action                     |  1- 3 |  4- 6 || total
---------------------------+-------+-------++-------
  Melee: War axe           |    92 |   141 ||   233
 Armour: Scale mail        |    37 |    62 ||    99
  Dodge: Dodged            |    41 |    53 ||    94
  Block: Buckler           |    20 |    35 ||    55
